 Dungeon Crawl Stone Soup version 0.25.0-1-g7eea58d (webtiles) character file.

Game seed: 15450200828919216961

831 thesequoiad the Firebug (level 8, -7/59 HPs)
             Began as a Formicid Fire Elementalist on June 14, 2020.
             Was an Initiate of Sif Muna.
             Mangled by Duvessa
             ... wielding a +0 short sword
              (14 damage)
             ... on level 5 of the Dungeon.
             The game lasted 00:22:30 (6027 turns).

thesequoiad the Firebug (FoFE)                      Turns: 6027, Time: 00:22:31

Health: -7/59      AC:  6    Str: 13    XL:     8   Next: 18%
Magic:  11/14      EV: 12    Int: 17    God:    Sif Muna [......]
Gold:   262        SH:  0    Dex: 11    Spells: 7/15 levels left

rFire    . . .     SeeInvis +   a - +3 dagger (venom)
rCold    . . .     Gourm    .   (no shield)
rNeg     . . .     Faith    .   e - +0 robe
rPois    .         Spirit   .   (helmet unavailable)
rElec    .         Reflect  .   n - +0 cloak
rCorr    .         Harm     .   (no gloves)
MR       .....                  h - +2 pair of boots
Stlth    ++........             (no amulet)
HPRegen  0.19/turn              (no ring)
MPRegen  0.14/turn              (no ring)

@: no status effects
A: permanent stasis, dig shafts and tunnels, four strong arms, antennae 3
a: Dig, Shaft Self, Renounce Religion


You were on level 5 of the Dungeon.
You worshipped Sif Muna.
Sif Muna was noncommittal.
You were very hungry.

You visited 2 branches of the dungeon, and saw 7 of its levels.

You collected 262 gold pieces.

Inventory:

Hand Weapons
 a - a +3 dagger of venom (weapon)
 s - a cursed -3 spear
Armour
 e - a +0 robe (worn)
 h - a +2 pair of boots (worn)
 n - a +0 cloak (worn)
Jewellery
 d - a cursed -4 ring of strength {unknown}
 g - a cursed ring of attention {unknown}
 i - a cursed -4 ring of intelligence {unknown}
 v - a +4 ring of slaying {unknown}
Wands
 b - a wand of flame (16)
Scrolls
 p - a scroll of fog
Potions
 f - a potion of lignification
 j - 2 potions of stabbing
 k - a potion of flight
 o - 2 potions of magic
 q - a potion of berserk rage {unknown}
 r - a potion of mutation {unknown}
 t - a potion of might {unknown}
 x - 2 potions of heal wounds {unknown}
Comestibles
 c - 10 rations


   Skills:
 + Level 3.6 Fighting
 - Level 1.7 Dodging
 - Level 2.4 Stealth
 + Level 4.1 Spellcasting
 * Level 4.5 Conjurations
 * Level 5.7 Fire Magic


You had 7 spell levels left.
You knew the following spells:

 Your Spells              Type           Power        Failure   Level  Hunger
a - Foxfire               Conj/Fire      ###.         1%          1    None
b - Conjure Flame         Conj/Fire      ###.....     5%          3    ###....
c - Sticky Flame          Conj/Fire      ###.....     19%         4    ####...

Your spell library contained the following spells:

 Spells                   Type           Power        Failure   Level  Hunger
 Inner Flame              Hex/Fire       ##......     14%         3    ###....
 Corona                   Hex            #......      16%         1    None
 Dazzling Flash           Conj/Hex       ##....       19%         3    ###....
 Ensorcelled Hibernation  Hex/Ice        #.....       24%         2    ##.....
 Confusing Touch          Hex            #.......     43%         3    ###....
 Tukima's Dance           Hex            #.......     43%         3    ###....
 Fireball                 Conj/Fire      ###.......   45%         5    ######.


Dungeon Overview and Level Annotations

Branches:
Dungeon (6/15)             Temple (1/1) D:4

Altars:
Ashenzari
Cheibriados
Dithmenos
Fedhas
Gozag
Hepliaklqana
Kikubaaqudgha
Makhleb
Nemelex Xobeh
Okawaru
Qazlal
Ru
Sif Muna
Trog
Uskayaw
Wu Jian
Xom
Yredelemnul
Zin
The Shining One

Annotations:
D:5 Duvessa


Innate Abilities, Weirdness & Mutations

You cannot be hasted, slowed, berserked, paralysed or teleported.
You can dig through walls and to a lower floor.
Your four strong arms can wield two-handed weapons with a shield.
You have a pair of large antennae on your head. (SInv)


Message History

Confirm with . or Enter, or press ? or * to list all spells.
You conjure some foxfire!
Duvessa closely misses you.
The foxfire hits Duvessa.
Duvessa is moderately wounded.
The foxfire hits Duvessa.
Duvessa is moderately wounded.
Duvessa hits you with a +0 short sword! Duvessa closely misses you.
Casting: Foxfire (safe; 1% risk of failure)
Confirm with . or Enter, or press ? or * to list all spells.
You conjure some foxfire!
Duvessa hits you with a +0 short sword!
* * * LOW HITPOINT WARNING * * *
The foxfire hits Duvessa but does no damage.
Duvessa is moderately wounded.
The foxfire hits Duvessa.
Duvessa is moderately wounded.
Duvessa hits you with a +0 short sword!
* * * LOW HITPOINT WARNING * * *
Duvessa hits you but does no damage.
You feel better. Duvessa hits you with a +0 short sword!
You die...

..#.###....#(..#....##
.........#......#....#
...##......##........#
...#.......#...##...##
...........#.#....###
.)......##...#....#
.#..##...........###
#....#.....#.......#
##.>....#.[..)..@e.#
.##.#...#.##...).>.#
.############.##...###
..# ##.......# ..##
#........# ...#
#........# ..##
##.#.##.## ..#
#.####.# ..# ### ###


You could see Duvessa (berserk).

Vanquished Creatures
  Grinder (D:4)
  A hungry ghost (D:3)
  A bullfrog (D:5)
  Dowan (D:6)
  A howler monkey (D:5)
  A centaur skeleton (D:5)
  An orc priest (D:3)
  2 orc wizards (D:5)
  2 worker ants (D:4)
  7 adders
  2 oozes
  2 adder skeletons (D:5)
  A worm (D:2)
  2 dart slugs
  3 leopard geckos
  10 orcs
  3 giant cockroaches
  9 goblins
  12 hobgoblins
  16 jackals
  3 quokkas
  5 bats
  2 frilled lizards (D:2)
  2 jackal skeletons
  7 kobolds
  10 rats
107 creatures vanquished.

Vanquished Creatures (others)
  345 foxfires
345 creatures vanquished.

Grand Total: 452 creatures vanquished

Notes
Turn   | Place    | Note
-------+----------+-------------------------------------------
     0 | D:1      | thesequoiad the Formicid Fire Elementalist began the quest
                  | for the Orb.
     0 | D:1      | Reached XP level 1. HP: 13/13 MP: 3/3
    41 | D:1      | Reached skill level 1 in Conjurations
   154 | D:1      | Reached XP level 2. HP: 20/20 MP: 3/5
   283 | D:1      | Reached skill level 1 in Fighting
   453 | D:1      | Reached XP level 3. HP: 26/26 MP: 1/6
   462 | D:1      | Learned a level 3 spell: Conjure Flame
  1314 | D:2      | Reached XP level 4. HP: 32/32 MP: 6/8
  2275 | D:3      | Noticed a hungry ghost
  2292 | D:3      | Killed a hungry ghost
  2292 | D:3      | Reached skill level 4 in Fire Magic
  2292 | D:3      | Reached XP level 5. HP: 33/39 MP: 1/9
  2292 | D:3      | Reached XP level 6. HP: 38/45 MP: 1/10
  3316 | D:4      | Learned a level 4 spell: Sticky Flame
  3811 | D:4      | Noticed Grinder
  3825 | D:4      | Killed Grinder
  3825 | D:4      | Reached skill level 5 in Fire Magic
  3825 | D:4      | Reached XP level 7. HP: 8/52 MP: 5/12
  4194 | D:4      | Found a staircase to the Ecumenical Temple.
  4485 | Temple   | Entered the Ecumenical Temple
  4574 | Temple   | Became a worshipper of Sif Muna the Loreminder
  4958 | D:5      | Entered Level 5 of the Dungeon
  5236 | D:5      | Found a sparkling altar of Nemelex Xobeh.
  5239 | D:5      | Found a glowing golden altar of the Shining One.
  5305 | D:5      | Found a shadowy altar of Dithmenos.
  5443 | D:5      | Reached XP level 8. HP: 47/58 MP: 5/14
  5876 | D:5      | Found an ornate altar of the Wu Jian Council.
  5878 | D:5      | Found a basalt altar of Yredelemnul.
  5879 | D:5      | Found an ancient bone altar of Kikubaaqudgha.
  6005 | D:6      | Noticed Dowan
  6011 | D:6      | Noticed Duvessa
  6012 | D:6      | Killed Dowan
  6026 | D:5      | HP: 2/59 [Duvessa/+0 short sword (7)]
  6027 | D:5      | Mangled by Duvessa

Illustrated notes

Levels and vault maps discovered:
D:1:      wander_arrival_peaceful_grave, layout_basic, serial_forest,
          infiniplex_forest_lined_corner, infiniplex_forest_straight_2,
          infiniplex_forest_split, infiniplex_forest_lined_3
D:2:      layout_basic, minmay_pentomino_t2
D:3:      layout_rooms, first_ration, minmay_goblin_outpost
D:4:      layout_layer_cave, temple_pool_b, serial_glass, glass_columns_a,
          glass_columns_a, uniq_grinder
D:5:      layout_cave_pools, minitemple, grunt_temple_overflow_open,
          nicolae_dithmenos_through_a_glass_darkly
D:6:      layout_basic, serial_shops, kennysheep_mini_moat, dk_rats_in_the_wall,
          uniq_duvessa
Temple:   eino_temple_water

Skill      XL: |  1  2  3  4  5  6  7 |
---------------+----------------------+-----
Conjurations   | 1 2 3 4 |  4.5
Fighting       | 1 2 3 |  3.6
Spellcasting   | 3 4 |  4.1
Fire Magic     | 4 5 |  5.7
Dodging        | |  1.7
Stealth        | |  2.4

Action                   |  1- 3 |  4- 6 |  7- 9 || total
-------------------------+-------+-------+-------++-------
Melee: Dagger            |       |     2 |     9 ||    11
 Cast: Foxfire           |    45 |    89 |    60 ||   194
  Use: Scroll            |       |     4 |    12 ||    16
       Potion            |       |       |     1 ||     1
  Eat: Chunk             |     2 |     6 |     2 ||    10
       Ration            |       |     1 |     1 ||     2
Armor: Robe              |    10 |    17 |    21 ||    48
Dodge: Dodged            |    16 |    59 |    59 ||   134
